 Dungeon Crawl Stone Soup version 0.29.1-15-g9cfb28693d (webtiles) character file.

Game seed: 7869738150186770691

91 Calibrex the Trooper (level 4, 0/37 HPs)
             Began as a Demonspawn Monk on Mar 31, 2023.
             Was an Initiate of Yredelemnul.
             Slain by Sigmund
             ... wielding a +0 scythe
              (1 damage)
             ... on level 3 of the Dungeon.
             The game lasted 00:04:10 (2620 turns).

Calibrex the Trooper (Demonspawn Monk)              Turns: 2620, Time: 00:04:10

Health: 0/37       AC:  6    Str: 13    XL:     4   Next: 33%
Magic:  4/4        EV: 11    Int: 12    God:    Yredelemnul [......]
Gold:   108        SH:  0    Dex: 15    Spells: 3/3 levels left

rFire   . . .      SeeInvis .   k - +0 whip (venom)
rCold   . . .      Faith    .   (no shield)
rNeg    . . .      Spirit   .   b - +0 ring mail
rPois   .          Reflect  .   i - +0 helmet
rElec   .          Harm     .   (no cloak)
rCorr   .          Rampage  .   (no gloves)
Will    .....                   (no boots)
Stlth   +.........              (no amulet)
HPRegen 0.12/turn               (no ring)
MPRegen 0.09/turn               (no ring)

@: no status effects
A: claws 2
a: Renounce Religion, Recall Undead Harvest


You were on level 3 of the Dungeon.
You worshipped Yredelemnul.
Yredelemnul was noncommittal.
You visited 1 branch of the dungeon, and saw 3 of its levels.

You collected 108 gold pieces.

Inventory:

Hand Weapons
 k - a +0 whip of venom (weapon)
Missiles
 a - 4 boomerangs
 h - 2 atropa-tipped darts (quivered)
 o - 3 curare-tipped darts
Armour
 b - a +0 ring mail (worn)
 i - a +0 helmet (worn)
 l - a +0 chain mail
Scrolls
 d - a scroll of blinking {unknown}
 g - a scroll of poison {unknown}
 n - a scroll of identify
 p - a scroll of fear {unknown}
Potions
 c - a potion of ambrosia
 e - 2 potions of attraction {unknown}
 f - 2 potions of might
 j - a potion of degeneration {unknown}
 m - a potion of cancellation {unknown}
 q - 2 potions of flight {unknown}


   Skills:
 + Level 4.2 Fighting
 + Level 1.4 Maces & Flails
 - Level 3.3 Polearms
 - Level 2.6 Dodging
 - Level 1.7 Stealth


You had 3 spell levels left.
You didn't know any spells.
Your spell library contained the following spells:

 Spells                   Type           Power      Damage    Failure   Level
 Foxfire                  Conj/Fire      0%         2x1d4     58%         1
 Necrotise                Necr           0%         1d4       58%         1
 Conjure Flame            Conj/Fire      0%         6-21      91%         3
 Ignite Poison            Fire/Tmut/Pois 0%         N/A       91%         3
 Inner Flame              Hex/Fire       0%         N/A       91%         3
 Mephitic Cloud           Conj/Pois/Air  0%         N/A       91%         3
 Vampiric Draining        Necr           0%         2d6       91%         3
 Flame Wave               Conj/Fire      0%         2d4       100%        4
 Agony                    Necr           0%         N/A       100%        5
 Freezing Cloud           Conj/Ice/Air   0%         6-21      100%        5


Dungeon Overview and Level Annotations

Branches:
Dungeon (3/15)

Altars:
Yredelemnul

Annotations:
D:3 2 transporters, Sigmund; venomsnake's ghost, weakling MiAK


Innate Abilities, Weirdness & Mutations

You have very sharp fingernails.


Message History

Sigmund flickers and vanishes!
Deactivating autopickup; reactivate with Ctrl-A.
The goblin hits Robin with a +0 club!
The hobgoblin hits you. The goblin hits you with a +0 club.
Robin hits the goblin.
You barely miss the hobgoblin.
The goblin hits Robin with a +0 club.
Robin is destroyed!
The hobgoblin misses you. The goblin misses you.
You swap places.
The hobgoblin no longer looks unusually strong.
The goblin hits you but does no damage.
The hobgoblin hits your endoplasm zombie.
Your endoplasm zombie hits the hobgoblin but does no damage.
You hit the goblin.
The goblin is poisoned.
The goblin is severely wounded.
You kill the goblin!
The hobgoblin hits your endoplasm zombie.
Your endoplasm zombie hits the hobgoblin but does no damage.
The hobgoblin hits your endoplasm zombie.
Your endoplasm zombie is destroyed!
You see here a +0 dagger.
Things that are here:
a +0 dagger; a +0 sling; a +0 dagger The goblin no longer looks unusually strong.
You closely miss the hobgoblin. The hobgoblin hits you.
You barely miss the hobgoblin.
The hobgoblin hits you but does no damage.
You barely miss the goblin. The goblin barely misses you.
You barely miss the hobgoblin. Something hits you!
* * * LOW HITPOINT WARNING * * *
The hobgoblin closely misses you. The goblin hits you with a +0 club.
* * * LOW HITPOINT WARNING * * *
The hobgoblin barely misses you.
Okay, then.
As you read the scroll labelled BAFUACOS ZYDWI, it crumbles to dust.
It is a scroll of identify.
f - 2 potions of might The goblin hits you but does no damage.
The hobgoblin barely misses you. x2
Something hits you.
You die...
Your body rises from the dead as a mindless zombie.

....#.......######.##.##..=###...
##########..# #.#.....#.5...#.
#### #.#..##..©..#..© #.##
#.#......# .##.. ...#####.##...#.
#..?. #........#5...# .....#
#..$.....#####. ###5##
#....$.......####©###.
#..)g@....##..ZZZZ....
#.).gg....######..###.
###.####### #.....# #[ #r#
###.###.# #. #.# #...###.# #. #.#
#.....#.# #. #{# #...#.#.# #.


#gr #####.#.# #. ##. #.#.###. You could see 2 hobgoblins, a goblin and a rat.

Vanquished Creatures
  Robin (D:3)
  2 adders (D:2)
  2 dart slugs
  4 endoplasms
  4 giant cockroaches
  8 goblins
  8 hobgoblins
  2 quokkas
  9 ball pythons
  5 bats (D:1)
  4 frilled lizards (D:1)
  A kobold (D:2)
  3 rats
53 creatures vanquished.

Vanquished Creatures (others)
  A hobgoblin zombie (D:3)
  An endoplasm zombie (D:3)
  A giant cockroach zombie (D:3)
  A plant (D:2)
4 creatures vanquished.

Grand Total: 57 creatures vanquished

Notes
Turn   | Place    | Note
-------+----------+-------------------------------------------
     0 | D:1      | Calibrex the Demonspawn Monk began the quest for the Orb.
     0 | D:1      | Reached XP level 1. HP: 18/18 MP: 1/1
   361 | D:1      | Gained mutation: You have sharp fingernails. [demonic
                  | ancestry]
   361 | D:1      | Reached XP level 2. HP: 24/24 MP: 2/2
   582 | D:1      | Gained mutation: You have very sharp fingernails. [demonic
                  | ancestry]
   582 | D:1      | Reached XP level 3. HP: 29/29 MP: 3/3
  1834 | D:2      | Found a faded altar of an unknown god.
  1977 | D:2      | Reached skill level 4 in Fighting
  1977 | D:2      | Reached skill level 1 in Maces & Flails
  2166 | D:2      | Reached XP level 4. HP: 35/37 MP: 4/4
  2382 | D:2      | Prayed at the altar of an unknown god.
  2382 | D:2      | Became a worshipper of Yredelemnul the Dark
  2382 | D:2      | Reached * piety under Yredelemnul
  2436 | D:3      | Found a transporter.
  2459 | D:3      | Noticed venomsnake's ghost (weakling MiAK)
  2472 | D:3      | Found a transporter.
  2588 | D:3      | Noticed Robin
  2596 | D:3      | Noticed Sigmund
  2607 | D:3      | Killed Robin
  2610 | D:3      | Your ally Robin died
  2619 | D:3      | HP: 1/37 [goblin/+0 club[Robin] (3)]
  2620 | D:3      | Slain by Sigmund

Illustrated notes

Levels and vault maps discovered:
D:1:      kilobyte_arrival_exit_the_forest, layout_loops_ring, minivault_14,
          minmay_worlds_worst_comb
D:2:      layout_basic, shapermc_ecumenical_altar_mp_ritualfount
D:3:      kennysheep_big_flooded_room, layout_basic, gammafunk_ghost_stat_death,
          minmay_misc_feat_hallway, uniq_sigmund, uniq_robin

Skill      XL: |  1  2  3 |
---------------+----------+-----
Polearms       | 3 |  3.3
Fighting       | 4 |  4.2
Maces & Flails | 1 |  1.4
Dodging        | |  2.6
Stealth        | |  1.7

Action                   |  1- 3 |  4- 6 || total
-------------------------+-------+-------++-------
Melee: Spear             |    95 |       ||    95
       Whip              |    54 |    29 ||    83
  Use: Scroll            |       |     1 ||     1
 Stab: Sleeping          |     8 |       ||     8
Armor: Robe              |    16 |       ||    16
       Ring mail         |    17 |    22 ||    39
       Chain mail        |     2 |       ||     2
Dodge: Dodged            |    73 |    21 ||    94
